AoeStats
← wujiang

MegaRandom

510267703Analyzed
2v2 RM · 18h ago on Sep 30, 2026· 42m 45s· 4 players
Game mode
Random Map
Map size
Medium (4 player)
Population
200
Speed
Normal
Resources
Standard
Victory
Conquest
Starting age
Dark Age
Ending age
Imperial Age
RankedLock teamsTeams togetherTeam positionsShared explorationLock speedFull tech treeHidden civsTurbo modeCheats
Victory
Defeat
🇺🇸 Gurjaras · United States
907
+14
🇺🇸 Britons · United States
907
+14
🇨🇳 Bohemians · China
1061
-21
663
-7
你只是一个丑企鹅
1:39 Loom
10:40 Loom
13:18 Feudal Age
15:49 Wheelbarrow
19:34 Wheelbarrow
19:22 Fletching
21:26 Padded Archer Armor
21:43 Double-Bit Axe
22:40 Town Watch
24:26 Horse Collar
26:48 Gold Mining
27:05 Scale Mail Armor
27:15 Forging
30:34 Castle Age
29:28 Forging
29:13 Stone Mining
30:11 Arson
29:47 Man-at-Arms
31:14 Bodkin Arrow
31:35 Leather Archer Armor
30:42 Elite Skirmisher
31:05 Elite Skirmisher
33:42 Town Patrol
34:47 Scale Barding Armor
36:01 Ballistics
41:55 Pikeman
wujiang
7:18 Loom
9:47 Feudal Age
10:10 Man-at-Arms
14:39 Double-Bit Axe
16:58 Scale Mail Armor
17:01 Arson
25:13 Castle Age
23:01 Horse Collar
26:20 Wheelbarrow
25:51 Padded Archer Armor
27:14 Bow Saw
27:52 Hand Cart
28:52 Chemistry
28:57 Heavy Plow
30:22 Town Watch
32:18 Leather Archer Armor
32:06 Crossbowman
35:22 Imperial Age
37:26 Two-Man Saw
X-Minor
7:21 Loom
9:34 Feudal Age
28:59 Double-Bit Axe
37:55 Castle Age
40:24 Crossbowman
SwagAchu
1:20 Loom
10:37 Feudal Age
11:17 Double-Bit Axe
11:27 Horse Collar
15:17 Fletching
20:06 Padded Archer Armor
25:10 Castle Age
23:47 Wheelbarrow
25:12 Castle Age
28:24 Bow Saw
28:14 Heavy Plow
28:06 Gold Mining
27:53 Crossbowman
28:40 Bodkin Arrow
29:00 Leather Archer Armor
Connection lost

Rejoining the realm…

Still unreachable

The connection could not be restored.

Session expired

The server has moved on; the page needs a fresh start.